 Dungeon Crawl Stone Soup version 0.30-a0-1074-g5db6f66fbb (webtiles) character file.

Game seed: 1873067608247566927

88926 Newt the Markskobold (level 16, -1/97 HPs)
             Began as a Kobold Hunter on Apr 14, 2023.
             Was a High Priest of Hepliaklqana.
             Slain by Agnes
             ... wielding a +3 lajatang of electrocution
              (16 damage)
             ... on level 1 of the Snake Pit.
             The game lasted 00:33:12 (22663 turns).

Newt the Markskobold (Kobold Hunter)               Turns: 22663, Time: 00:33:13

Health: -1/97      AC: 12    Str:  9    XL:     16   Next: 42%
Magic:  22/22      EV: 32    Int: 10    God:    Hepliaklqana [*****.]
Gold:   1472       SH:  5    Dex: 26    Spells: 15/15 levels left

rFire   . . .      SeeInvis +    a - +4 shortbow (heavy)
rCold   . . .      Faith    .    (shield currently unavailable)
rNeg    . . .      Spirit   .    k - +1 troll leather armour
rPois   +          Reflect  +    U - +0 helmet {SInv}
rElec   +          Rampage  .    E - +1 cloak
rCorr   .          Clarity  +    x - +0 pair of gloves {infuse}
Will    ++...                    t - +0 pair of boots
Stlth   +++                      f - amulet of reflection
HPRegen 1.16/turn                c - +4 ring of slaying
MPRegen 0.18/turn                z - ring of poison resistance

@: unable to drink
A: reduced essence, small, no large weapons, nightstalker 3, clarity,
strong-willed 1, robust 1, electricity resistance, inability to drink after
injury 1
a: Renounce Religion, Recall Ancestor, Ancestor Identity, Transference, Idealise


You were on level 1 of the Snake Pit.
You worshipped Hepliaklqana.
Hepliaklqana was extremely pleased with you.
You visited 5 branches of the dungeon, and saw 23 of its levels.

You collected 2365 gold pieces.
You spent 893 gold pieces at shops.

Inventory:

Hand Weapons
 a - a +4 heavy shortbow (weapon)
 i - a +0 shortbow of flaming
Missiles
 Q - 5 throwing nets
Armour
 k - a +1 troll leather armour (worn)
 t - a +0 pair of boots (worn)
 x - a +0 pair of gloves of infusion (worn)
 E - a +1 cloak (worn)
 I - quicksilver dragon scales
 P - the +5 ring mail of the Leaf {Rampage +Inv rC+ Int+4}
   (You bought it in a shop on level 9 of the Dungeon)

   Int:       It affects your intelligence (+4).
   rC:        It protects you from cold.
   +Inv:      It lets you turn invisible.
   Rampage:   It bestows one free step when moving towards enemies.
 U - a +0 helmet of see invisible (worn)
Jewellery
 c - a +4 ring of slaying (left hand)
 f - an amulet of reflection (around neck)
 g - a ring of protection from cold
 q - a +6 ring of dexterity
 z - a ring of poison resistance (right hand)
 A - a ring of positive energy
 H - a ring of resist corrosion
 S - a +6 ring of dexterity
 X - a ring of protection from fire
 Z - the ring of No Interval {Fire Str+9 Int-2}
   (You found it on level 13 of the Dungeon)

   [ring of fire]

   It enhances your fire magic.
   Str:       It affects your strength (+9).
   Int:       It affects your intelligence (-2).
   rF:        It protects you from fire.
   rC:        It makes you vulnerable to cold.
Wands
 d - a wand of roots (8)
 o - a wand of flame (33)
 B - a wand of digging (9)
 G - a wand of light (2)
Scrolls
 b - 6 scrolls of immolation
 l - a scroll of blinking
 m - 3 scrolls of magic mapping
 n - a scroll of fear
 s - a scroll of butterflies
 u - 3 scrolls of identify
 D - 4 scrolls of amnesia
 F - 6 scrolls of teleportation
Potions
 e - 4 potions of flight
 h - a potion of mutation
 j - 4 potions of cancellation
 w - 4 potions of magic
 C - 9 potions of curing
 K - 3 potions of resistance
 M - 8 potions of ambrosia
 N - a potion of haste
 O - 2 potions of berserk rage
 R - 6 potions of might
 V - 3 potions of heal wounds
 W - 2 potions of brilliance
 Y - 2 potions of lignification
Miscellaneous
 J - a tin of tremorstones (2/2)


   Skills:
 - Level 10.0 Fighting
 - Level 20.0 Ranged Weapons
 - Level 6.0 Armour
 - Level 18.0 Dodging
 - Level 1.3 Stealth
 - Level 9.0 Invocations
 + Level 14.3 Evocations


You had 15 spell levels left.
You didn't know any spells.
Your spell library contained the following spells:

 Spells                   Type           Power      Damage    Failure   Level
 Sting                    Tmut/Pois      0%         1d3       45%         1
 Blink                    Tloc           0%         N/A       58%         2
 Poisonous Vapours        Pois/Air       0%         N/A       58%         2
 Gell's Gravitas          Tloc           0%         N/A       83%         3
 Ozocubu's Armour         Ice            0%         N/A       83%         3
 Teleport Other           Tloc           0%         N/A       83%         3
 Vhi's Electric Charge    Tloc/Air       0%         N/A       83%         3
 Manifold Assault         Tloc           0%         N/A       99%         4
 Olgreb's Toxic Radiance  Pois           0%         N/A       99%         4
 Petrify                  Tmut/Erth      0%         N/A       99%         4
 Arcjolt                  Conj/Air       0%         1d10      100%        5
 Metabolic Englaciation   Hex/Ice        0%         N/A       100%        5
 Dispersal                Tloc           0%         N/A       100%        6
 Plasma Beam              Fire/Air       0%         2x1d11    100%        6
 Simulacrum               Ice/Necr       0%         N/A       100%        6
 Statue Form              Tmut/Erth      0%         N/A       100%        6
 Ozocubu's Refrigeration  Ice            0%         4d7       100%        7
 Storm Form               Tmut/Air       0%         N/A       100%        7
 Polar Vortex             Ice            0%         N/A       100%        9


Dungeon Overview and Level Annotations

Branches:
Dungeon (14/15)            Temple (1/1) D:6            Lair (5/5) D:8
  Swamp (0/4) Lair:3        Snake (1/4) Lair:2        Slime (0/5) Lair:5
    Orc (2/2) D:10            Elf (0/3) Orc:2
 Vaults: D:13-14

Altars:
Ashenzari
Cheibriados
Dithmenos
Elyvilon
Fedhas
Gozag
Hepliaklqana
Kikubaaqudgha
Makhleb
Nemelex Xobeh
Okawaru
Qazlal
Ru
Sif Muna
Trog
Uskayaw
Vehumet
Wu Jian
Xom
Yredelemnul
Zin
The Shining One
Jiyva
Lugonu

Shops:
D:4 *   D:6 :   D:7 :   D:9 [   D:10 *   D:11 ?   D:13 !   Orc:1 =?:
Orc:2 ([*=

Portals:
Abyss: Lair:5

Annotations:
Lair:1 1 runed translucent door, Adrian566's ghost, journeyman OpBr
Snake:1 Agnes


Innate Abilities, Weirdness & Mutations

Your life essence is reduced to manifest your ancestor. (-10% HP)
You are small and have problems with some larger weapons.
You are completely attuned to the shadows.
You possess an exceptional clarity of mind.
You are strong-willed. (Will+)
You are robust. (+10% HP)
You are resistant to electric shocks. (rElec)
You occasionally lose the ability to drink potions when taking damage.


Message History

Æthelred burns Agnes. Æthelred blocks Agnes's attack.
You shoot an arrow. Æthelred avoids your attack.
The arrow misses Agnes. Æthelred blocks Agnes's attack. Æthelred hits Agnes with a +0 broad axe of flaming!! Æthelred burns Agnes. Æthelred blocks Agnes's attack.
Unknown command.
You shoot an arrow. Æthelred avoids your attack.
The arrow barely misses Agnes.
Agnes hits Æthelred with a +3 lajatang of electrocution!!! Æthelred blocks Agnes's attack. Æthelred closely misses Agnes.
Unknown command.
You shoot an arrow. Æthelred avoids your attack.
The arrow barely misses Agnes. Æthelred blocks Agnes's attack.
Agnes hits Æthelred with a +3 lajatang of electrocution!! Æthelred is destroyed!
Unknown command.
You shoot an arrow. The arrow completely misses Agnes.
You block Agnes's attack.
Unknown command.
You shoot an arrow. The arrow hits Agnes!
Agnes is moderately wounded.
Agnes barely misses you.
Agnes hits you with a +3 lajatang of electrocution!
You shoot an arrow. The arrow hits Agnes!!
Agnes is severely wounded.
Agnes hits you with a +3 lajatang of electrocution!!
Agnes barely misses you.
You shoot an arrow. The arrow hits Agnes!
Agnes is severely wounded.
Agnes completely misses you.
Agnes hits you with a +3 lajatang of electrocution!!
You are too injured to fight recklessly!
Aiming: Bolt of Light
Press: ? - help, Shift-Dir - straight line, f/p - Agnes
Aim: Agnes, wielding a +3 lajatang of electrocution and wearing a +0 robe (severely wounded, 46% to hit)
The bolt of light misses Agnes.
Agnes hits you with a +3 lajatang of electrocution!!
You feel threatened and lose the ability to drink potions!
* * * LOW HITPOINT WARNING * * *
Agnes hits you with a +3 lajatang of electrocution!
You die...

##.......
#........
........#
....i..#
....@.#
.....##
.....#
....(###..
###....#..
#.>.....
#.......
#.......
#...[...


You could see Agnes.

Vanquished Creatures
  The ghost of Siezipe the Markstengu, an adept TeHu of Okawaru (Lair:3)
  An orc warlord (Orc:2)
  A blizzard demon (D:13)
  Josephine (Orc:2)
  Fannar (Lair:3)
  3 hydras
  Erolcha (D:11)
  An anaconda (Snake:1)
  A catoblepas (D:13)
  5 two-headed ogres
  3 tengu warriors
  3 boulder beetles
  A shock serpent (Snake:1)
  9 death yaks
  2 thrashing horrors (Lair:5)
  4 orc high priests
  An orange crystal statue (Snake:1)
  Pikel (D:5)
  4 orc knights
  2 ugly things
  An oklob plant (Lair:1)
  A manticore (D:14)
  A salamander (Snake:1)
  3 orc sorcerers
  A cyclops (D:11)
  4 elephants (Lair:4)
  5 black mambas
  An orange demon (D:13)
  A gargoyle (D:7)
  11 cane toads
  4 rime drakes
  An efreet (D:14)
  An unseen horror (D:10)
  9 komodo dragons
  6 trolls
  4 ice devils (D:13)
  An ancient zyme (Lair:5)
  A queen bee (D:13)
  2 meliai (D:13)
  A polar bear (Lair:5)
  2 hellwings (D:13)
  2 hornets
  22 blink frogs (Lair:5)
  9 slime creatures
  4 dream sheep (Lair:5)
  4 centaur simulacra (D:13)
  A shadow (D:12)
  9 spriggans
  A jumping spider (shapeshifter) (Lair:5)
  4 ynoxinuls (Lair:5)
  4 wyverns
  Eustachio (D:6)
  6 chaos spawn
  3 wraiths
  3 basilisks (Lair:5)
  45 yaks
  6 vampire mosquitoes (D:13)
  8 small abominations (Lair:5)
  A steam dragon (Lair:3)
  Edmund (D:5)
  A warg (Orc:2)
  3 nagas (Lair:2)
  2 swamp worms (Lair:3)
  3 acid dragons
  12 water moccasins
  31 orc warriors
  5 ice beasts
  2 sky beasts (D:7)
  2 black bears (D:7)
  2 large abominations (Lair:5)
  12 wolves
  5 centaurs
  6 ogres
  The ghost of Newt the Shooter, an amateur KoHu (D:3)
  3 phantoms
  Blork the orc (D:6)
  4 kobold brigands
  A gnoll sergeant (D:10)
  13 bullfrogs
  A necrophage (D:8)
  4 scorpions
  9 wights
  17 killer bees
  2 howler monkeys
  5 electric eels
  2 lava snakes (D:9)
  Crazy Yiuf (D:7)
  3 jellies
  A hound (D:7)
  23 orc priests
  3 iguanas
  24 orc wizards
  5 hell rats
  A hound skeleton (D:8)
  Robin (D:4)
  9 gnolls
  5 adders
  2 shadow imps
  2 white imps
  An ufetubus (D:5)
  3 worms
  4 dart slugs
  65 orcs
  5 ball pythons
  4 endoplasms
  A giant cockroach (D:1)
  12 goblins
  8 hobgoblins
  10 jackals
  A quokka (D:8)
  2 bats
  2 frilled lizards (D:1)
  18 kobolds
  6 rats
612 creatures vanquished.

Vanquished Creatures (collateral kills)
  The ghost of kitsune the Unseen, a journeyman NaMo of Cheibriados (D:13)
  A hydra (Lair:2)
  A centaur warrior (D:10)
  A sun demon (D:13)
  A sixfirhy (D:13)
  A manticore (D:13)
  2 ugly things
  An elephant (Lair:4)
  3 black mambas
  3 ice devils (D:13)
  A troll (Orc:2)
  A meliai (D:13)
  A large abomination (Lair:5)
  2 blink frogs (Lair:5)
  A dream sheep (Lair:5)
  A vampire (D:12)
  A centaur simulacrum (D:13)
  3 slime creatures (D:13)
  A ynoxinul (D:13)
  A wraith (Orc:2)
  7 yaks
  3 basilisks
  A vampire mosquito (D:13)
  A warg (Orc:2)
  2 nagas (Snake:1)
  An acid dragon (D:11)
  8 orc warriors (Orc:2)
  2 wolves (Lair:5)
  A bullfrog (Lair:4)
  A wight (D:10)
  5 killer bees (D:13)
  A small abomination (Lair:5)
  5 orc priests
  3 orc wizards
  2 hell rats (Lair:5)
  2 boggart simulacra (D:13)
  A gnoll (Orc:1)
  An adder (D:3)
  A dart slug (D:3)
  12 orcs
88 creatures vanquished.

Vanquished Creatures (others)
  A centaur (D:10)
  9 knights
  4 ancestors
  A bush (Lair:5)
  3 demonic plants (D:13)
  16 fungi
  49 plants
83 creatures vanquished.

Grand Total: 783 creatures vanquished

Notes
Turn   | Place    | Note
-------+----------+-------------------------------------------
     0 | D:1      | Newt the Kobold Hunter began the quest for the Orb.
     0 | D:1      | Reached XP level 1. HP: 12/12 MP: 1/1
   254 | D:1      | Reached XP level 2. HP: 18/18 MP: 2/2
   538 | D:1      | Reached XP level 3. HP: 23/23 MP: 3/3
   801 | D:2      | Found a faded altar of an unknown god.
  1231 | D:2      | Reached XP level 4. HP: 29/30 MP: 4/4
  1636 | D:3      | Found a radiant altar of Vehumet.
  1717 | D:3      | Found a transporter.
  1717 | D:3      | Noticed Newt's ghost (amateur KoHu)
  1721 | D:3      | Found a transporter.
  1887 | D:3      | Found a white marble altar of Elyvilon.
  1906 | D:3      | Reached skill level 5 in Fighting
  2212 | D:3      | Reached XP level 5. HP: 35/35 MP: 5/5
  2276 | D:4      | Noticed a phantom
  2284 | D:4      | Killed a phantom
  2285 | D:4      | Reached skill level 6 in Ranged Weapons
  2330 | D:4      | Noticed Robin
  2331 | D:4      | Reached skill level 7 in Ranged Weapons
  2336 | D:4      | Killed Robin
  2337 | D:4      | Reached XP level 6. HP: 38/40 MP: 6/6
  2391 | D:4      | Found an iron altar of Okawaru.
  2436 | D:4      | Found Femosy's Fabulous Fripperies.
  2842 | D:5      | Entered Level 5 of the Dungeon
  2978 | D:5      | Reached skill level 8 in Ranged Weapons
  3012 | D:5      | Reached XP level 7. HP: 32/44 MP: 7/7
  3206 | D:5      | Reached skill level 9 in Ranged Weapons
  3289 | D:5      | Reached skill level 10 in Ranged Weapons
  3306 | D:5      | Noticed Edmund
  3319 | D:5      | Killed Edmund
  3390 | D:5      | Reached XP level 8. HP: 49/49 MP: 8/8
  3421 | D:5      | Reached skill level 5 in Dodging
  3436 | D:5      | Noticed Pikel
  3474 | D:5      | Killed Pikel
  3475 | D:5      | Reached skill level 11 in Ranged Weapons
  3884 | D:6      | Found Qumuomm's Book Boutique.
  3891 | D:6      | Found a shimmering blue altar of Sif Muna.
  4082 | D:6      | Reached skill level 12 in Ranged Weapons
  4082 | D:6      | Reached XP level 9. HP: 43/54 MP: 9/9
  4152 | D:6      | Noticed Eustachio
  4180 | D:6      | Killed Eustachio
  4206 | D:6      | Noticed Blork the orc
  4251 | D:6      | Killed Blork the orc
  4252 | D:6      | Reached skill level 13 in Ranged Weapons
  4468 | D:6      | Found a blossoming altar of Fedhas.
  4567 | D:6      | Found a staircase to the Ecumenical Temple.
  4604 | Temple   | Entered the Ecumenical Temple
  4861 | D:6      | Reached skill level 14 in Ranged Weapons
  4904 | D:6      | Found a glowing golden altar of the Shining One.
  5108 | D:7      | Found a shimmering blue altar of Sif Muna.
  5316 | D:7      | Noticed a two-headed ogre
  5325 | D:7      | Killed a two-headed ogre
  5326 | D:7      | Reached XP level 10. HP: 39/64 MP: 10/10
  5700 | D:7      | Noticed a two-headed ogre
  5701 | D:7      | Reached skill level 5 in Evocations
  5703 | D:7      | Identified the staff of fire "Suddeziu" {Fragile rF+ Int+5}
  5704 | D:7      | Noticed a gargoyle
  5723 | D:7      | Killed a two-headed ogre
  5740 | D:7      | Killed a gargoyle
  5741 | D:7      | Reached skill level 15 in Ranged Weapons
  6678 | D:7      | Reached skill level 16 in Ranged Weapons
  6757 | D:7      | Reached XP level 11. HP: 68/68 MP: 11/11
  7145 | D:7      | Found the +3 giant club "Skullcrusher" {speed, Str+7}
  7232 | D:7      | Found Gaorch's Book Shop.
  7457 | D:7      | Found a sparkling altar of Nemelex Xobeh.
  7650 | D:7      | Found a runed translucent door.
  7653 | D:7      | Noticed Crazy Yiuf
  7811 | D:7      | Killed Crazy Yiuf
  7914 | D:8      | Reached skill level 10 in Dodging
  7961 | D:8      | Noticed a two-headed ogre
  7974 | D:8      | Killed a two-headed ogre
  8116 | D:8      | Found a staircase to the Lair.
  8116 | D:8      | Noticed a death yak
  8138 | D:8      | Noticed a death yak
  8169 | D:8      | Noticed a death yak
  8179 | D:8      | Killed a death yak
  8189 | D:8      | Killed a death yak
  8190 | D:8      | Reached skill level 10 in Fighting
  8193 | D:8      | Killed a death yak
  8253 | D:8      | Found a sacrificial altar of Ru.
  8601 | D:8      | Noticed a two-headed ogre
  8615 | D:8      | Killed a two-headed ogre
  8616 | D:8      | Reached skill level 17 in Ranged Weapons
  8616 | D:8      | Reached XP level 12. HP: 73/77 MP: 12/12
  8621 | D:8      | Found a burning altar of Makhleb.
  8711 | D:8      | Found a shadowy altar of Dithmenos.
  9178 | D:9      | Found a bloodstained altar of Trog.
  9181 | D:9      | Found an opulent altar of Gozag.
  9194 | D:9      | Found a hazy altar of Hepliaklqana.
  9198 | D:9      | Became a worshipper of Hepliaklqana the Forgotten
  9204 | D:9      | Found a snail-covered altar of Cheibriados.
  9621 | D:9      | Found Pedio's Antique Armour Boutique.
  9626 | D:9      | Bought a fading ring mail for 207 gold pieces
  9626 | D:9      | Identified the +5 ring mail of the Leaf {Rampage +Inv rC+
                  | Int+4} (You bought it in a shop on level 9 of the Dungeon)
  9684 | D:10     | Entered Level 10 of the Dungeon
  9689 | D:10     | Found a transporter.
  9696 | D:10     | Noticed a centaur warrior
  9700 | D:10     | Found a transporter.
  9782 | D:10     | Reached * piety under Hepliaklqana
  9920 | D:10     | Found Doup's General Store.
  9923 | D:10     | Bought a scroll of identify for 20 gold pieces
  9980 | D:10     | Reached skill level 18 in Ranged Weapons
 10328 | D:10     | Found a staircase to the Orcish Mines.
 10387 | D:10     | Found a stormy altar of Qazlal.
 10397 | D:10     | Noticed a tengu warrior
 10508 | D:10     | Found an ornate altar of the Wu Jian Council.
 10578 | Lair:1   | Entered Level 1 of the Lair of Beasts
 11061 | Lair:1   | Reached ** piety under Hepliaklqana
 11062 | Lair:1   | Remembered your ancestor Æthelred as a knight
 11193 | Lair:1   | Found a runed translucent door.
 11463 | Lair:1   | Identified the +4 spear "Arewk" {freeze, rPois}
 11464 | Lair:1   | Noticed a spriggan rider
 11518 | Lair:1   | Noticed Adrian566's ghost (journeyman OpBr)
 11601 | Lair:2   | Noticed an eight-headed hydra
 11604 | Lair:2   | Killed an eight-headed hydra
 11737 | Lair:2   | Reached XP level 13. HP: 73/73 MP: 13/13
 11763 | Lair:2   | Found a staircase to the Snake Pit.
 12124 | Lair:2   | Reached skill level 10 in Evocations
 12126 | Lair:2   | Reached skill level 1 in Invocations
 12199 | Lair:2   | Identified the +8 dagger of Lust {flame, Str+4 Int+2}
 12630 | Lair:3   | Reached *** piety under Hepliaklqana
 12875 | Lair:3   | Noticed Siezipe's ghost (adept TeHu)
 12881 | Lair:3   | Found a runed translucent door.
 12909 | Lair:3   | Noticed Fannar
 12918 | Lair:3   | Killed Fannar
 12919 | Lair:3   | Reached skill level 5 in Invocations
 13321 | Lair:3   | Noticed an eight-headed hydra
 13326 | Lair:3   | Killed an eight-headed hydra
 13346 | Lair:3   | Noticed a four-headed hydra
 13352 | Lair:3   | Killed a four-headed hydra
 13378 | Lair:3   | Found a staircase to the Swamp.
 13757 | Lair:3   | Killed Siezipe's ghost
 14687 | Lair:4   | Reached XP level 14. HP: 79/79 MP: 20/20
 14734 | Lair:4   | Reached skill level 1 in Armour
 14805 | Lair:4   | Reached **** piety under Hepliaklqana
 15286 | Lair:5   | Entered Level 5 of the Lair of Beasts
 15414 | Lair:5   | Reached skill level 5 in Armour
 15530 | Lair:5   | Found a hide-covered altar of Uskayaw.
 15530 | Lair:5   | Found an ornate altar of the Wu Jian Council.
 15533 | Lair:5   | Identified the +0 plate armour "Uxar" {Regen+ Str+3 Dex+4}
 15838 | Lair:5   | Found a viscous altar of Jiyva.
 15838 | Lair:5   | Found a staircase to the Slime Pits.
 15923 | Lair:5   | Reached skill level 19 in Ranged Weapons
 16543 | Lair:5   | Reached skill level 20 in Ranged Weapons
 16556 | Lair:5   | Found a corrupted altar of Lugonu.
 16560 | Lair:5   | Found a one-way gate to the infinite horrors of the Abyss.
 16667 | Lair:4   | Reached XP level 15. HP: 62/82 MP: 21/21
 16829 | Lair:5   | Reached skill level 15 in Dodging
 17181 | Orc:1    | Entered Level 1 of the Orcish Mines
 17181 | Orc:1    | Found Toaduo's Magic Scroll Boutique.
 17308 | Orc:1    | Found Yfioc's Jewellery Shoppe.
 17430 | Orc:1    | Found Ikoimerph's Weapon Boutique.
 17562 | Orc:1    | Bought a scroll of identify for 28 gold pieces
 17562 | Orc:1    | Bought a scroll of identify for 28 gold pieces
 17562 | Orc:1    | Bought a scroll of identify for 28 gold pieces
 17562 | Orc:1    | Bought a scroll of enchant weapon for 105 gold pieces
 17628 | Orc:1    | Found Xocour's Book Boutique.
 17742 | Orc:2    | Entered Level 2 of the Orcish Mines
 18308 | Orc:2    | Noticed an orc warlord
 18315 | Orc:2    | Killed an orc warlord
 18358 | Orc:2    | Found Paprehor's Antique Armour Emporium.
 18358 | Orc:2    | Found Wuymeohoci's Antique Weapon Emporium.
 18362 | Orc:2    | Bought a pair of runed boots for 225 gold pieces
 18367 | Orc:2    | Found Pamp's General Store.
 18368 | Orc:2    | Found Daador's Jewellery Shoppe.
 18492 | Orc:2    | Found a staircase to the Elven Halls.
 18608 | Orc:2    | Noticed Josephine
 18614 | Orc:2    | Killed Josephine
 18926 | D:11     | Found Hikuemup's Magic Scroll Shoppe.
 18964 | D:11     | Noticed Erolcha
 18971 | D:11     | Killed Erolcha
 19110 | D:11     | Reached ***** piety under Hepliaklqana
 20904 | D:13     | Found Bexamuep's Distillery.
 20909 | D:13     | Bought a potion of heal wounds for 70 gold pieces
 20909 | D:13     | Bought a potion of heal wounds for 70 gold pieces
 20909 | D:13     | Bought a potion of mutation for 112 gold pieces
 20909 | D:13     | Gained mutation: Your spells are a little harder to cast,
                  | but a little more powerful. [potion of mutation]
 20909 | D:13     | Gained mutation: Your body sometimes deteriorates upon
                  | taking damage. [potion of mutation]
 20909 | D:13     | Gained mutation: You have a pair of small horns on your
                  | head. [potion of mutation]
 20910 | D:13     | Lost mutation: Your body sometimes deteriorates upon taking
                  | damage. [potion of mutation]
 20910 | D:13     | Lost mutation: Your spells are a little harder to cast, but
                  | a little more powerful. [potion of mutation]
 20910 | D:13     | Gained mutation: You occasionally lose the ability to drink
                  | potions when taking damage. [potion of mutation]
 20910 | D:13     | Gained mutation: You are frail. (-10% HP) [potion of
                  | mutation]
 20910 | D:13     | Gained mutation: You are resistant to electric shocks.
                  | (rElec) [potion of mutation]
 20911 | D:13     | Lost mutation: You have a pair of small horns on your head.
                  | [potion of mutation]
 20911 | D:13     | Lost mutation: You are frail. (-10% HP) [potion of
                  | mutation]
 20911 | D:13     | Gained mutation: You are strong-willed. (Will+) [potion of
                  | mutation]
 20911 | D:13     | Gained mutation: You are robust. (+10% HP) [potion of
                  | mutation]
 20911 | D:13     | Gained mutation: You possess an exceptional clarity of
                  | mind. [potion of mutation]
 20971 | D:13     | Reached XP level 16. HP: 97/97 MP: 22/22
 20984 | D:13     | Found a runed translucent gate.
 20985 | D:13     | Found a runed translucent gate.
 20986 | D:13     | Found a runed translucent gate.
 21520 | D:13     | Noticed kitsune's ghost (journeyman NaMo)
 21584 | D:13     | Killed kitsune's ghost
 21593 | D:13     | Got the ring of No Interval {Fire Str+9 Int-2}
 21599 | D:13     | Identified the staff of cold "Ybreh" {rElec rC+ Will+++
                  | Stlth-}
 22168 | D:3      | Killed Newt's ghost
 22380 | Snake:1  | Entered Level 1 of the Snake Pit
 22654 | Snake:1  | Noticed Agnes
 22663 | Snake:1  | Slain by Agnes

Illustrated notes

Levels and vault maps discovered:
D:1:      minmay_arrival_four_houses, layout_loops_ring, serial_bayou_lagoon_a
D:2:      layout_rooms, shapermc_ecumenical_altar_mp_highgroup,
          minmay_misc_feat_five, skrybe_limestone_x,
          nicolae_kite_square_tiling_tiny
D:3:      layout_loops_ring, elyvilon_altar_3, overflow_temple_1_default,
          gammafunk_ghost_arena, dreamdust_princess_corridor
D:4:      layout_rooms, mainiacjoe_overflow_cross_hatched, serial_rivers,
          chequers_serial_rivers_micro_c, chequers_serial_rivers_micro_c,
          chequers_serial_rivers_large_b, chequers_serial_rivers_micro_b,
          nicolae_alphabet_shops, uniq_robin
D:5:      layout_cave_pools, kennysheep_nub, minmay_puff, uniq_pikel,
          uniq_edmund
D:6:      layout_loops_cross, tso_oasis_becter, old_standard_altar,
          amcnicky_altar_gilded, temple_fountains, serial_shops, shop,
          minmay_misc_feat_tiny, uniq_blork_the_orc, uniq_eustachio
D:7:      minmay_the_grid_octo_tiled_octocenter [minmay_the_grid_octo_toaster,
          minmay_the_grid_octo_clover, minmay_the_grid_octo_horde,
          minmay_the_grid_octo_teeth,
          minmay_the_grid_octo_prize_square_snowflake,
          minmay_the_grid_square_5x5_n_small,
          minmay_the_grid_square_5x5_misaligned,
          minmay_the_grid_square_5x5_shrine1,
          minmay_the_grid_square_5x5_six_small], layout_basic,
          mainiacjoe_overflow_alcove_4, serial_bayou, serial_bayou_shore_a,
          serial_bayou_pond_d, serial_bayou_pond_c, serial_bayou_crossing,
          serial_shops, nicolae_shop_advertising_works
          [nicolae_subvault_shop_adworks], kennysheep_generic_room_15,
          uniq_crazy_yiuf_cottage
D:8:      layout_loops_cross, nicolae_ru_sacrificial_ziggurat,
          marbit_many_paths, makhleb_blood_cavern_becter, dpeg_lair_monsters,
          kennysheep_generic_room_4
D:9:      layout_rooms, grunt_temple_overflow_cloverleaf, serial_corexii_hall,
          corexii_hall_statues_t, chequers_hall_statues_y,
          corexii_hall_statues_x, corexii_hall_statues_l, serial_shops,
          nicolae_shop_overgrown_old_shop, nicolae_lava_and_water,
          kennysheep_generic_room_11
D:10:     layout_loops_cross, gammafunk_temple_overflow_arena,
          nicolae_wu_jian_immortal_techniques, david_orc_4, serial_shops,
          nicolae_shop_behind_doors, minmay_misc_feat_cross
D:11:     layout_roguey, serial_shops, nicolae_shop_competitors_out_of_business,
          uniq_erolcha
D:12:     layout_roguey
D:13:     layout_small_grid, gammafunk_ghost_icy, serial_shops, shop,
          serial_demonic, serial_demonic_a, serial_demonic_b, serial_demonic_g,
          serial_demonic_a, serial_demonic_f, serial_demonic_c, special_room
          [special_room_bee]
D:14:     layout_long_grid, ximxim_vaults_locker_room, evilmike_ruin_ashenzari,
          minmay_variable_closet
Temple:   hellmonk_temple_rainy
Lair:1:   layout_gridlike, ebering_ghost_funeral_grove, minmay_lair_oklob_bushes
Lair:2:   kb_forest_paths, layout_long_grid, nicolae_snake_entry_squirm
Lair:3:   layout_regular_city, palyth_hydra_swamp_entry,
          hellmonk_ghost_happy_afterlife, grunt_megastairs_5, uniq_fannar
Lair:4:   layout_roguey
Lair:5:   hellmonk_lair_end_abyssal_woods, layout_long_grid,
          dpeg_slime_entry_enclosed, nzn_masters_of_martial_movement
Snake:1:  layout_onion_interference, gammafunk_ghost_abyssal_escape, drop_trap,
          dpeg_stationary_puzzle, minmay_shop_grove, uniq_agnes
Orc:1:    layout_diamond_mine, serial_shops, nicolae_shop_hallway_plus, shop,
          shop, nicolae_shop_waterfront
Orc:2:    st_orc_congregation, layout_caves, mines2_lemuel, uniq_josephine

Skill      XL: |  1  2  3  4  5  6  7  8  9 10 11 12 13 14 15 16 |
---------------+-------------------------------------------------+-----
Fighting       | 3 4 5 8 10 | 10.0
Ranged Weapons | 7 8 10 12 14 16 17 18 20 | 20.0
Dodging        | 4 6 10 14 18 | 18.0
Evocations     | 2 6 10 11 14 | 14.3
Invocations    | 9 |  9.0
Armour         | 6 |  6.0
Stealth        | |  1.3

Action                     |  1- 3 |  4- 6 |  7- 9 | 10-12 | 13-15 | 16-18 || total
---------------------------+-------+-------+-------+-------+-------+-------++-------
  Melee: Shortbow          |       |       |       |     2 |       |       ||     2
   Fire: Shortbow          |    67 |   157 |   221 |   735 |   942 |   145 ||  2267
 Invoke: Ancestor Life: Kn |       |       |       |     1 |       |       ||     1
         Idealise          |       |       |       |       |     1 |       ||     1
         Recall Ancestor   |       |       |       |       |     1 |       ||     1
  Evoke: Wand              |       |       |       |     2 |     5 |     1 ||     8
         Tin of tremorston |       |       |       |     2 |     4 |       ||     6
    Use: Scroll            |     4 |     6 |     5 |     7 |    10 |     1 ||    33
         Potion            |       |       |     7 |     1 |     6 |     1 ||    15
 Armour: Leather armour    |     3 |    31 |    33 |    20 |       |       ||    87
         Troll leather arm |       |       |       |    29 |    63 |     9 ||   101
  Dodge: Dodged            |    24 |    81 |    92 |   305 |   489 |    99 ||  1090
  Block: Other             |     6 |    23 |    18 |    78 |    85 |    21 ||   231
         Reflection        |       |       |       |     6 |     2 |       ||     8

Table legend: (Time is in decaauts)
 A = Elapsed time spent in this place.
 B = Non-inter-level travel time spent in this place.
 C = Inter-level travel time spent in this place.
 D = Time resting spent in this place.
 E = Time spent auto-exploring this place.
 F = Levels seen in this place.
 G = Mean time per level.
                   A        B        C        D        E       F      G
               +--------+--------+--------+--------+--------+-----+--------+
         Total |  22779 |  21210 |   1569 |   3063 |  14430 |  23 |  990.4 |
       Dungeon |  14225 |  13126 |   1099 |   1802 |   9123 |  14 | 1016.1 |
        Temple |     24 |     14 |     10 |      0 |      9 |   1 |   24.0 |
          Lair |   6644 |   6224 |    420 |    939 |   4190 |   5 | 1328.8 |
     Snake Pit |    286 |    286 |      0 |      0 |    221 |   1 |  286.0 |
  Orcish Mines |   1599 |   1562 |     37 |    322 |    886 |   2 |  799.5 |
               +--------+--------+--------+--------+--------+-----+--------+

Top non-repeatable levels by time:
     D:7: 2004 daAuts
     D:6: 1926 daAuts
  Lair:3: 1768 daAuts
  Lair:5: 1492 daAuts
  Lair:4: 1415 daAuts
    D:13: 1386 daAuts
     D:8: 1106 daAuts
     D:5: 1078 daAuts
  Lair:1: 1028 daAuts
    D:10: 1028 daAuts
  Lair:2: 938 daAuts
   Orc:1: 928 daAuts
     D:3: 896 daAuts
    D:11: 874 daAuts
    D:12: 841 daAuts
